 Seeded DCSS version 0.29-a0-330-g52719c12eb (webtiles) character file.

Game seed: 20220412 (custom seed)

16 a11behringer the Chopper (level 2, 0/27 HPs)
             Began as a Hill Orc Cinder Acolyte on Apr 12, 2022.
             Was a High Priest of Ignis.
             Succumbed to an adder's poison
             ... on level 2 of the Dungeon.
             The game lasted 00:01:14 (1259 turns).

a11behringer the Chopper (Hill Orc Cinder Acolyte)  Turns: 1259, Time: 00:01:14

Health: 0/27       AC:  2    Str: 16    XL:     2   Next: 54%
Magic:  3/3        EV: 11    Int: 14    God:    Ignis [*****.]
Gold:   111        SH:  0    Dex:  6    Spells: 3/3 levels left

rFire   + . .      SeeInvis .   a - -1 hand axe (flame)
rCold   . . .      Faith    .   (no shield)
rNeg    . . .      Spirit   .   b - +0 robe
rPois   .          Reflect  .   (no helmet)
rElec   .          Harm     .   (no cloak)
rCorr   .          Rampage  .   (no gloves)
Will    .....                   (no boots)
Stlth   +.........              (no amulet)
HPRegen 0.09/turn               (no ring)
MPRegen 0.08/turn               (no ring)

@: lethally poisoned (0 -> -8)
A: no striking features
a: Renounce Religion, Fiery Armour, Foxfire Swarm, Rising Flame


You were on level 2 of the Dungeon.
You worshipped Ignis.
Ignis was extremely pleased with you.
You visited 1 branch of the dungeon, and saw 2 of its levels.

You collected 111 gold pieces.

Inventory:

Hand Weapons
 a - a -1 hand axe of flaming (weapon)
Armour
 b - a +0 robe (worn)
Scrolls
 c - 3 scrolls of identify {unknown}
 d - a scroll of torment {unknown}
Potions
 e - a potion of degeneration {unknown}
 f - 2 potions of curing {unknown}
 g - a potion of magic {unknown}


   Skills:
 + Level 3.9 Fighting
 * Level 4.7 Axes
 + Level 0.1 Dodging
 + Level 1.0 Spellcasting
 + Level 3.3 Fire Magic


You had 3 spell levels left.
You didn't know any spells.
Your spell library contained the following spells:

 Spells                   Type           Power      Damage    Failure   Level
 Scorch                   Fire           20%        2d6       10%         2
 Freeze                   Ice            0%         1d3       26%         1
 Frozen Ramparts          Ice            0%         1d2       61%         3
 Gell's Gravitas          Tloc           0%         N/A       61%         3
 Teleport Other           Tloc           0%         N/A       61%         3
 Hailstorm                Conj/Ice       0%         3d3       95%         4
 Dispersal                Tloc           0%         N/A       100%        6


Dungeon Overview and Level Annotations

Branches:
Dungeon (2/15)

Altars:

Annotations:
D:2 Jessica


Message History

Jessica blinks!
The adder closely misses you.
You hit the adder. You burn the adder.
The adder is severely wounded.
You hit the ball python but do no damage.
The adder closely misses you. The ball python bites you.
The ball python grabs you. The ball python constricts you.
You closely miss the ball python. You closely miss the adder.
The adder bites you.
You are poisoned.
The adder poisons you! The ball python bites you.
The ball python constricts you. The adder completely misses you.
You barely miss the ball python. You barely miss the adder.
You feel sick. The ball python bites you. The ball python constricts you.
The adder bites you. The ball python completely misses you.
The ball python constricts you.
You are too injured to fight recklessly!
You are too injured to fight recklessly!
You are too injured to fight recklessly!
The ball python's grasp on you weakens, but your attempt to escape fails.
You feel sick. The adder bites you.
Jessica gestures wildly while chanting.
Jessica seems to speed up.
The ball python bites you.
* * * LOW HITPOINT WARNING * * *
The ball python constricts you.
You escape the ball python's grasp.
The ball python attacks as you move away!
The ball python barely misses you.
You feel sick.
Jessica gestures wildly while chanting.
Jessica blinks!
The adder bites you.
* * * LOW HITPOINT WARNING * * *
You are more poisoned.
The adder poisons you!
You are too injured to fight recklessly!
You are too injured to fight recklessly!
You are too injured to fight recklessly!
Unknown command.
* * * LOW HITPOINT WARNING * * *
You feel very sick.
You hit the adder. You burn the adder.
You kill the adder!
You die...

.........#.#.#
.............## .#
.............. .#
............# ####.#
.........$. #....####
.......).# #......>#
#S# #.......# #.#
#.......# ######@#
#........ #......###
####......#
#.#......####.........#
#...........#.#.#######
###......##.#.#.#######
#......##.#.#.......#
#......##.#.#.#####.#
##......##.#.#######.#
#.....................


You could see a ball python.

Vanquished Creatures
  An adder (D:2)
  A bat (D:1)
  2 endoplasms (D:1)
  A giant cockroach (D:2)
  3 goblins
  2 hobgoblins (D:1)
  2 ball pythons (D:1)
  2 rats (D:1)
14 creatures vanquished.

Notes
Turn   | Place    | Note
-------+----------+-------------------------------------------
     0 | D:1      | a11behringer the Hill Orc Cinder Acolyte began the quest
                  | for the Orb.
     0 | D:1      | Reached XP level 1. HP: 19/19 MP: 2/2
   280 | D:1      | Found a faded altar of an unknown god.
   578 | D:1      | Reached XP level 2. HP: 27/27 MP: 3/3
  1250 | D:2      | Noticed Jessica
  1258 | D:2      | HP: 1/27 [poisoned by an adder]
  1259 | D:2      | Succumbed to an adder's poison

Illustrated notes

Levels and vault maps discovered:
D:1:      onia_arrival_pentagram, layout_basic,
          hellmonk_ecumenical_altar_crossroads
D:2:      layout_basic, basic_altar, uniq_jessica, uniq_terence

Action                   || total
-------------------------++-------
Melee: Hand axe          ||    42
Armor: Robe              ||     7
Dodge: Dodged            ||    23

Table legend: (Time is in decaauts)
 A = Elapsed time spent in this place.
 B = Non-inter-level travel time spent in this place.
 C = Inter-level travel time spent in this place.
 D = Time resting spent in this place.
 E = Time spent auto-exploring this place.
 F = Levels seen in this place.
 G = Mean time per level.
                   A        B        C        D        E       F      G
               +--------+--------+--------+--------+--------+-----+--------+
         Total |   1261 |   1245 |     16 |      0 |   1143 |   2 |  630.5 |
       Dungeon |   1261 |   1245 |     16 |      0 |   1143 |   2 |  630.5 |
               +--------+--------+--------+--------+--------+-----+--------+

Top non-repeatable levels by time:
     D:1: 1026 daAuts
     D:2: 235 daAuts
